 Dungeon Crawl Stone Soup version 0.15.2 (webtiles) character file.

135 MuhBandages the Ruffian (level 4, 0/35 HPs)
             Began as a Mummy Monk on Nov 2, 2015.
             Slain by a bat (1 damage)
             ... on Level 3 of the Dungeon on Nov 3, 2015.
             The game lasted 00:06:18 (4378 turns).

MuhBandages the Ruffian (Mummy Monk)                Turns: 4378, Time: 00:06:18

HP   0/35        AC  0     Str 15      XL: 4   Next: 96%
MP   4/4         EV 13     Int  9      God:
Gold 59          SH  0     Dex 14      Spells:  0 memorised,  3 levels left

rFire  x . .     SeeInvis .       - Unarmed
rCold  + . .     Clarity  .     (no armour)
rNeg   + + +     rCorr    .     (no shield)
rPois  +         rRot     +     (no helmet)
rElec  .         Spirit   .     (no cloak)
SustAb .         Warding  .     (no gloves)
rMut   .         Stasis   .     (no boots)
Gourm  .                        (no amulet)
MR     .....                    (no ring)
                                (no ring)

@: not resistant to hostile enchantments, unstealthy
A: no food or potions, fire vulnerability, restore body, cold resistance 1,
negative energy resistance 3, poison resistance, torment resistance, unbreathing
a: no special abilities


You were on level 3 of the Dungeon.
You were not hungry.

You visited 1 branch of the dungeon, and saw 3 of its levels.

You collected 59 gold pieces.


Innate Abilities, Weirdness & Mutations

You do not eat or drink.
Your flesh is vulnerable to fire.
Your flesh is cold resistant.
You are immune to negative energy.
Your system is resistant to poisons.
You are immune to unholy pain and torment.
You can survive without breathing.


   Skills:
 - Level 3.0 Fighting
 - Level 2.4 Dodging
 - Level 1.5 Stealth
 + Level 5.2 Unarmed Combat


You had 3 spell levels left.
You didn't know any spells.

Inventory:

Comestibles
 b - a slice of pizza
Scrolls
 a - a scroll of enchant armour {unknown}
 c - a scroll of magic mapping {unknown}
 e - a scroll of remove curse {unknown}
 f - 2 scrolls of identify
 g - a scroll of immolation {unknown}
 h - a scroll of enchant weapon {unknown}

Dungeon Overview and Level Annotations

Branches:
Dungeon (3/15)

Altars:

Annotations:
D:2 Ijyb, Sigmund
D:3 Terence

######.##..#
#..........# ######
#.####.##.##
.....###.# #.##.#
.###..##.#########
.# #.....<.##...##
.###..##.###.....##
......##.##.....b.##
#........#....#.@..#
..##.#####...###J..#
####.# #... #...#
.....# #... #...#
###### ... #...#
#...# #...# #...#
#..


You could see an ooze and a bat.


Message History

The orc wizard points at you and mumbles some strange words.
The magic dart hits you!
* * * LOW HITPOINT WARNING * * *
Your surroundings suddenly seem different.
An ooze comes into view.
The ooze quivers.
An ooze is nearby!
You are too injured to fight recklessly!
You are too injured to fight recklessly!
You are too injured to fight recklessly!
A bat comes into view.
The ooze barely misses you.
You barely miss the ooze. The bat closely misses you.
You punch the ooze!
The ooze is heavily wounded.
The bat misses you. The ooze hits you.
* * * LOW HITPOINT WARNING * * *
You barely miss the ooze.
The ooze is heavily wounded.
The bat hits you.
* * * LOW HITPOINT WARNING * * *
The ooze misses you.
You hit the ooze but do no damage.
The ooze is heavily wounded.
The bat hits you.
* * * LOW HITPOINT WARNING * * *
You hit the ooze but do no damage.
The ooze is heavily wounded.
The bat hits you.
You die...

Action                   |  1- 3 |  4- 6 || total
-------------------------+-------+-------++-------
Melee: Unarmed           |   171 |   115 ||   286
  Use: Scroll            |       |     3 ||     3
 Stab: Sleeping          |     3 |     1 ||     4

Vault maps used:
D:1:      dpeg_arrival_stone_temple_mockup
D:2:      hangedman_decor_points, uniq_iyjb, uniq_sigmund
D:3:      minmay_goblin_kobold_castle, first_bread, nrook_uturn,
          nicolae_dithmenos_through_a_glass_darkly, uniq_terence, uniq_jessica

Notes
Turn   | Place    | Note
--------------------------------------------------------------
     0 | D:1      | MuhBandages, the Mummy Monk, began the quest for the Orb.
     0 | D:1      | Reached XP level 1. HP: 18/18 MP: 1/1
   151 | D:1      | Reached XP level 2. HP: 4/24 MP: 2/2
  1086 | D:1      | Reached skill level 4 in Unarmed Combat
  1579 | D:1      | Reached XP level 3. HP: 27/29 MP: 3/3
  2664 | D:2      | Noticed Sigmund
  2799 | D:2      | Reached XP level 4. HP: 25/35 MP: 4/4
  3444 | D:2      | Noticed Ijyb
  3978 | D:3      | Reached skill level 5 in Unarmed Combat
  4327 | D:3      | Noticed Terence
  4357 | D:3      | Noticed an orc warrior
  4375 | D:3      | HP: 2/35 [ooze (4)]
  4378 | D:3      | Slain by a bat

Vanquished Creatures
  A crimson imp (D:3)
  5 adders (D:2)
  A worm (D:3)
  An orc (D:3)
  7 hobgoblins
  12 jackals
  A bat (D:2)
  4 giant cockroaches
  A giant newt (D:1)
  10 goblins
  5 kobolds
  5 rats
53 creatures vanquished.
